 Dungeon Sprint DCSS version 0.30-a0-840-ga523dec638 (webtiles) character file.

Game seed: 7235511160738489058

21 NinjaNoafa the Ducker (level 2, -2/25 HPs)
             Began as a Merfolk Gladiator on Mar 2, 2023.
             Was a Follower of Uskayaw.
             Killed from afar by Blork the orc (13 damage)
             ... with a puff of flame
             ... in the Dungeon (Sprint VII: "The Pits").
             The game lasted 00:01:10 (153 turns).

NinjaNoafa the Ducker (Merfolk Gladiator)            Turns: 153, Time: 00:01:11

Health: -2/25      AC:  4    Str: 14    XL:     2   Next: 83%
Magic:  2/2        EV: 14    Int:  7    God:    Uskayaw [*.....]
Gold:   0          SH:  0    Dex: 15    Spells: 1/1 levels left

rFire   . . .      SeeInvis .    a - +0 rapier
rCold   . . .      Faith    .    (no shield)
rNeg    . . .      Spirit   .    b - +0 leather armour
rPois   .          Reflect  .    c - +0 helmet
rElec   .          Harm     .    (no cloak)
rCorr   .          Rampage  .    (no gloves)
Will    .....      NoTele   +    (no boots)
Stlth   +                        (no amulet)
HPRegen 0.24/turn                (no ring)
MPRegen 0.08/turn                (no ring)

@: no status effects
A: (nimble swimmer 2), mertail
a: Renounce Religion, Stomp


You were in the Dungeon.
You worshipped Uskayaw.
Uskayaw was noncommittal.
You visited 1 branch

Inventory:

Hand Weapons
 a - a +0 rapier (weapon)
Missiles
 d - 3 throwing nets (quivered)
 e - a javelin
Armour
 b - a +0 leather armour (worn)
 c - a +0 helmet (worn)
Scrolls
 k - a scroll of blinking
 m - 5 scrolls of amnesia
 n - a scroll of summoning
 o - 2 scrolls of vulnerability
Potions
 f - a potion of curing
 g - a potion of heal wounds
 h - a potion of haste
 i - 4 potions of magic
 j - 3 potions of berserk rage
 l - 2 potions of invisibility


   Skills:
 + Level 4.0 Fighting
 + Level 5.1 Short Blades
 - Level 2.0 Throwing
 + Level 5.6 Dodging
 + Level 0.4 Invocations


You had one spell level left.
You didn't know any spells.
Your spell library was empty.

Dungeon Overview and Level Annotations

Branches:
Dungeon (1/1)

Altars:
Ashenzari
Cheibriados
Dithmenos
Elyvilon
Fedhas
Gozag
Hepliaklqana
Kikubaaqudgha
Makhleb
Nemelex Xobeh
Okawaru
Qazlal
Ru
Sif Muna
Trog
Uskayaw
Vehumet
Wu Jian
Xom
Yredelemnul
Zin
The Shining One
Jiyva
Lugonu

Annotations:
D Blork the orc


Innate Abilities, Weirdness & Mutations

((You are very nimble when in or above water. (Stealth+, EV+, Speed+++)))
Your lower body shifts to a powerful aquatic tail in water.


Message History

The jackal skeleton bites you but does no damage.
You puncture the jackal skeleton!
You destroy the jackal skeleton!
The orc misses you. The orc misses you.
You hit the orc.
The orc is lightly wounded.
The orc closely misses you.
You hit the orc.
The orc is heavily wounded.
The orc hits you with a +0 club.
You hit the orc.
The orc is almost dead.
The orc barely misses you.
You can now pass through a line of other dancers.
You puncture the orc!
You kill the orc!
Your Fighting skill increases to level 4!
There is an open door, spattered with blood here.
Things that are here:
a +0 club; a +0 dagger; a kobold corpse A rat and Blork the orc come into view.
You can no longer pass through a line of other dancers.
There is a large open door here.
Unknown command.
Blork the orc completely misses you.
You barely miss Blork the orc.
Blork the orc hits you with a +0 trident.
The rat closely misses you.
You hit Blork the orc.
Blork the orc is lightly wounded.
Blork the orc hits you with a +0 trident!
* * * LOW HITPOINT WARNING * * *
The rat bites you but does no damage. The rat attacks as you move away!
The rat misses you. Blork the orc attacks as you move away!
Blork the orc closely misses you.
Blork the orc points at you and mumbles some strange words.
The puff of flame hits you!
Ouch! That really hurt!
You die...

#..(.')))'.##......#..
##########.##.........
#...........'.........
#+#####'#####......#..
#..#...'.##.........
#..#†..#.#####'#####
#..#####.##.......#
#..'...#.##.......#
#..@...).##.......#
#..########...<...#
#ro+ #.......# #..#
#.......# ####
#.......# #########


You could see Blork the orc and a rat.

Vanquished Creatures
  An adder (D)
  An ufetubus (D)
  An orc (D)
  A hobgoblin (D)
  A ball python skeleton (D)
  A jackal skeleton (D)
  A kobold (D)
7 creatures vanquished.

Notes
Turn   | Place    | Note
-------+----------+-------------------------------------------
     0 | D        | NinjaNoafa the Merfolk Gladiator began the quest for the
                  | Orb.
     0 | D        | Reached XP level 1. HP: 16/16 MP: 1/1
    15 | D        | Reached skill level 5 in Dodging
    15 | D        | Reached XP level 2. HP: 22/24 MP: 2/2
    40 | D        | Found a bloodstained altar of Trog.
    40 | D        | Found a shimmering blue altar of Sif Muna.
    40 | D        | Found a viscous altar of Jiyva.
    40 | D        | Found a hazy altar of Hepliaklqana.
    40 | D        | Found an opulent altar of Gozag.
    41 | D        | Found a glowing golden altar of the Shining One.
    41 | D        | Found a glowing silver altar of Zin.
    41 | D        | Found a basalt altar of Yredelemnul.
    41 | D        | Found a shimmering altar of Xom.
    41 | D        | Found an ornate altar of the Wu Jian Council.
    41 | D        | Found a sacrificial altar of Ru.
    41 | D        | Found a stormy altar of Qazlal.
    41 | D        | Found an iron altar of Okawaru.
    41 | D        | Found a sparkling altar of Nemelex Xobeh.
    41 | D        | Found a burning altar of Makhleb.
    41 | D        | Found a blossoming altar of Fedhas.
    41 | D        | Found a white marble altar of Elyvilon.
    41 | D        | Found a shadowy altar of Dithmenos.
    41 | D        | Found a snail-covered altar of Cheibriados.
    42 | D        | Found a radiant altar of Vehumet.
    42 | D        | Found a corrupted altar of Lugonu.
    43 | D        | Found a hide-covered altar of Uskayaw.
    43 | D        | Found an ancient bone altar of Kikubaaqudgha.
    43 | D        | Found a broken altar of Ashenzari.
    51 | D        | Became a worshipper of Uskayaw the Reveller
    70 | D        | Reached * piety under Uskayaw
    86 | D        | Reached ** piety under Uskayaw
    87 | D        | Reached skill level 5 in Short Blades
   149 | D        | Noticed Blork the orc
   153 | D        | Killed from afar by Blork the orc

Illustrated notes

Levels and vault maps discovered:
D:        pitsprint [storerooms_1, entrance_room_1, metal_vault_3, armoury_3,
          mini_pit_1, grid_room_1, main_hall_1, silver_pit, the_coven_1,
          the_vestibule_1, steel_vault_2, golden_pit, hallway_of_sentries,
          crystal_vault_2, iron_vault_4, final_vault]

Skill      XL: |  1  2 |
---------------+-------+-----
Fighting       | 3 4 |  4.0
Short Blades   | 4 5 |  5.1
Dodging        | 5 |  5.6
Throwing       | |  2.0
Invocations    | |  0.4

Action                     || total
---------------------------++-------
  Melee: Rapier            ||    29
   Stab: Sleeping          ||     1
 Armour: Leather armour    ||     8
  Dodge: Dodged            ||    31

Table legend: (Time is in decaauts)
 A = Elapsed time spent in this place.
 B = Non-inter-level travel time spent in this place.
 C = Inter-level travel time spent in this place.
 D = Time resting spent in this place.
 E = Time spent auto-exploring this place.
 F = Levels seen in this place.
 G = Mean time per level.
                   A        B        C        D        E       F      G
               +--------+--------+--------+--------+--------+-----+--------+
         Total |    151 |    137 |     14 |     32 |      0 |   1 |  151.0 |
       Dungeon |    151 |    137 |     14 |     32 |      0 |   1 |  151.0 |
               +--------+--------+--------+--------+--------+-----+--------+

Top non-repeatable levels by time:
       D: 151 daAuts
